 Dungeon Crawl Stone Soup version 0.29.1-1-gd02db6906a (webtiles) character file.

Game seed: 15399932359226081469

4092 xian the Shield-Bearer (level 10, -1/51 HPs)
             Began as a Vine Stalker Fighter on Sept 19, 2022.
             Was a Follower of Makhleb.
             Slain by a two-headed ogre
             ... wielding a +0 giant club
              (15 damage)
             ... on level 8 of the Dungeon.
             The game lasted 00:23:02 (6737 turns).

xian the Shield-Bearer (Vine Stalker Fighter)       Turns: 6737, Time: 00:23:03

Health: -1/51      AC: 16    Str: 27    XL:     10   Next: 26%
Magic:  0/15       EV:  6    Int: 16    God:    Makhleb [*.....]
Gold:   369        SH: 15    Dex: 14    Spells: 14/14 levels left

rFire   . . .      SeeInvis .   e - +0 dagger (elec)
rCold   . . .      Faith    .   j - +0 kite shield
rNeg    + + .      Spirit   +   r - +0 plate armour
rPois   .          Reflect  +   u - +2 hat
rElec   .          Harm     +   (no cloak)
rCorr   .          Rampage  .   B - +0 pair of gloves of the Wild Haggis {-Cast Harm *Corrode +Inv rN++}
Will    +....      NoCast   +   a - +0 pair of boots
Stlth   ..........              x - amulet of reflection
HPRegen 0.97/turn               w - +6 ring of intelligence
MPRegen 0.14/turn               C - +6 ring of strength

@: no status effects
A: fangs 3, regeneration 1, magic shield, antimagic bite, no potion heal 2
a: Renounce Religion, Evoke Invisibility


You were on level 8 of the Dungeon.
You worshipped Makhleb.
Makhleb was aware of your devotion.
You visited 2 branches of the dungeon, and saw 9 of its levels.

You collected 369 gold pieces.

Inventory:

Hand Weapons
 e - a +0 dagger of electrocution (weapon)
Missiles
 g - 3 javelins
 s - a poisoned dart (quivered)
 y - 3 throwing nets
Armour
 a - a +0 pair of boots (worn)
 j - a +0 kite shield (worn)
 k - a +0 leather armour
 r - a +0 plate armour (worn)
 t - a +0 helmet
 u - a +2 hat (worn)
 B - the +0 pair of gloves of the Wild Haggis (worn) {-Cast Harm *Corrode +Inv rN++}
   (You found it on level 6 of the Dungeon)

   rN:        It greatly protects you from negative energy.
   +Inv:      It lets you turn invisible.
   -Cast:     It prevents spellcasting.
   *Corrode:  It may corrode you when you take damage.
   Harm:      It increases damage dealt and taken.
Jewellery
 w - a +6 ring of intelligence (left hand)
 x - an amulet of reflection (around neck)
 C - a +6 ring of strength (right hand)
Wands
 p - a wand of flame (16)
 D - a wand of iceblast (5)
 G - a wand of digging (2)
Scrolls
 b - 2 scrolls of poison {unknown}
 f - a scroll of amnesia
 h - 3 scrolls of immolation {unknown}
 i - a scroll of enchant armour
 l - 2 scrolls of vulnerability {unknown}
 o - 2 scrolls of teleportation
 q - a scroll of silence
 E - a scroll of enchant weapon {unknown}
Potions
 c - 3 potions of might
 d - 4 potions of curing
 m - a potion of cancellation {unknown}
 n - 3 potions of brilliance {unknown}
 v - 2 potions of heal wounds {unknown}
 z - 3 potions of flight {unknown}
 A - a potion of attraction {unknown}
 F - a potion of haste {unknown}


   Skills:
 + Level 4.7 Fighting
 * Level 6.1 Short Blades
 + Level 1.0 Throwing
 + Level 5.2 Armour
 + Level 1.3 Dodging
 + Level 0.8 Stealth
 + Level 7.0 Shields
 - Level 2.5 Unarmed Combat
 - Level 2.9 Spellcasting
 - Level 3.2 Conjurations
 - Level 4.1 Earth Magic
 * Level 3.2 Evocations


You had 14 spell levels left.
You didn't know any spells.
Your spell library contained the following spells:

 Spells                   Type           Power      Damage    Failure   Level
 Magic Dart               Conj           48%        1d5       83%         1
 Searing Ray              Conj           24%        2d5       93%         2
 Stone Arrow              Conj/Erth      28%        3d8       98%         3
 Animate Armour           Summ/Erth      16%        N/A       100%        4
 Fulminant Prism          Conj/Hex       3%         3d6       100%        4
 Iskenderun's Mystic Bla  Conj/Tloc      7%         2d4       100%        4
 Lee's Rapid Deconstruct  Erth           7%         3d8*      100%        5
 Lehudib's Crystal Spear  Conj/Erth      7%         10d3      100%        8


Dungeon Overview and Level Annotations

Branches:
Dungeon (8/15)             Temple (1/1) D:7
   Lair: D:8-11

Altars:
Ashenzari
Cheibriados
Dithmenos
Elyvilon
Fedhas
Hepliaklqana
Makhleb
Qazlal
Sif Muna
Uskayaw
Vehumet
Wu Jian
Xom
Yredelemnul
Zin

Shops:
D:5 [

Annotations:
D:5 armor shop
D:8 3 runed translucent doors, Animoz's ghost, novice MiFi; miserystealer's ghost, novice DECj; ratmagoo's ghost, novice MiBe


Innate Abilities, Weirdness & Mutations

You have razor-sharp teeth.
Your natural rate of healing is unusually fast.
When hurt, damage is shared between your health and your magic reserves.
Your bite disrupts and absorbs the magic of your enemies.
Potions cannot restore your health.


Message History

You block the two-headed ogre's attack.
Unknown command.
The two-headed ogre looks more healthy.
You barely miss the two-headed ogre.
The two-headed ogre is lightly wounded.
The two-headed ogre hits you with a +0 giant club!!
The two-headed ogre hits you with a +0 giant spiked club!
* * * LOW HITPOINT WARNING * * *
You see here a poisoned dart.
s - a poisoned dart
Things that are here:
a +1 scimitar; a +0 robe
Found 15 gold pieces.
The two-headed ogre attacks as you move away!
The two-headed ogre hits you but does no damage.
You block the two-headed ogre's attack.
You see here a poisoned dart.
You closely miss the two-headed ogre. You bite the two-headed ogre!
You drain its power.
You feel invigorated.
The two-headed ogre is moderately wounded.
You block the two-headed ogre's attack. The two-headed ogre barely misses you.
You hit the two-headed ogre but do no damage.
The two-headed ogre is moderately wounded.
You barely miss the two-headed ogre.
The two-headed ogre is moderately wounded.
The two-headed ogre closely misses you. You block the two-headed ogre's attack.
You hit the two-headed ogre but do no damage.
Lightning courses through the two-headed ogre!
The two-headed ogre is heavily wounded.
You hit the two-headed ogre.
Lightning courses through the two-headed ogre!
You bite the two-headed ogre, but do no damage.
The two-headed ogre is severely wounded.
The two-headed ogre hits you with a +0 giant club!!
* * * LOW HITPOINT WARNING * * *
You block the two-headed ogre's attack.
The two-headed ogre attacks as you move away!
You block the two-headed ogre's attack.
The two-headed ogre hits you with a +0 giant spiked club!!
You die...

###)######.# #.####
#........... #.....
#####......##...#.#######
#.............#......###.
.......(...##.. #(......#
#.###......# . ####.###.
# #......# ## #.##O### #
#. #@# #. #$# #. #.. ####


You could see a two-headed ogre.

Vanquished Creatures
  Pikel (D:7)
  Joseph (D:7)
  6 yaks (D:7)
  Edmund (D:5)
  A water moccasin (D:6)
  An orc warrior (D:6)
  An ice beast (D:5)
  A black bear (D:6)
  A sky beast (D:6)
  A lemure (D:7)
  2 phantoms
  A bullfrog (D:7)
  2 scorpions
  2 necrophages
  3 wights (D:8)
  An electric eel (D:7)
  4 howler monkeys
  2 orc priests
  5 hounds
  3 jellies
  8 iguanas
  4 gnoll boudas
  An orc wizard (D:8)
  15 gnolls
  9 adders
  A shadow imp (D:6)
  A white imp (D:6)
  An ufetubus (D:4)
  A worm (D:2)
  5 dart slugs
  21 orcs
  3 endoplasms
  3 giant cockroaches
  9 goblins
  6 hobgoblins
  3 jackals (D:3)
  8 kobolds
  6 quokkas
  6 ball pythons
  6 bats
  3 frilled lizards
  4 rats
164 creatures vanquished.

Vanquished Creatures (others)
  A plant (D:5)
1 creature vanquished.

Grand Total: 165 creatures vanquished

Notes
Turn   | Place    | Note
-------+----------+-------------------------------------------
     0 | D:1      | xian the Vine Stalker Fighter began the quest for the Orb.
     0 | D:1      | Reached XP level 1. HP: 11/11 MP: 2/2
   269 | D:1      | Reached XP level 2. HP: 14/16 MP: 3/3
   680 | D:1      | Reached XP level 3. HP: 17/20 MP: 2/4
  1124 | D:2      | Reached skill level 3 in Shields
  1534 | D:2      | Reached skill level 1 in Conjurations
  1534 | D:2      | Gained mutation: Your natural rate of healing is unusually
                  | fast. [Vine Stalker growth]
  1534 | D:2      | Reached XP level 4. HP: 24/24 MP: 5/5
  2545 | D:4      | Noticed a scorpion
  2562 | D:3      | Killed a scorpion
  2563 | D:3      | Reached XP level 5. HP: 18/28 MP: 4/7
  2666 | D:4      | Reached skill level 1 in Earth Magic
  2696 | D:4      | Reached skill level 1 in Short Blades
  2696 | D:4      | Reached skill level 1 in Spellcasting
  2696 | D:4      | Reached XP level 6. HP: 32/32 MP: 8/8
  2708 | D:4      | Reached skill level 1 in Dodging
  3249 | D:5      | Entered Level 5 of the Dungeon
  3253 | D:5      | Noticed an ice beast
  3265 | D:5      | Killed an ice beast
  3266 | D:5      | Reached skill level 4 in Shields
  3266 | D:5      | Reached XP level 7. HP: 36/36 MP: 8/10
  3302 | D:5      | Found Supemuam's Armour Emporium.
  3403 | D:5      | Noticed Edmund
  3438 | D:5      | Killed Edmund
  3578 | D:5      | Found a hide-covered altar of Uskayaw.
  3804 | D:5      | Gained mutation: You have razor-sharp teeth. [Vine Stalker
                  | growth]
  3804 | D:5      | Reached XP level 8. HP: 40/42 MP: 12/12
  4288 | D:5      | Found a white marble altar of Elyvilon.
  4649 | D:6      | Reached skill level 5 in Shields
  5026 | D:6      | Identified the +0 pair of gloves of the Wild Haggis {-Cast
                  | Harm *Corrode +Inv rN++}
  5044 | D:6      | Reached XP level 9. HP: 22/45 MP: 9/14
  5392 | D:7      | Reached skill level 1 in Throwing
  5595 | D:7      | Found a staircase to the Ecumenical Temple.
  5606 | Temple   | Entered the Ecumenical Temple
  5647 | Temple   | Became a worshipper of Makhleb the Destroyer
  5664 | D:7      | Noticed Pikel
  5693 | D:7      | Killed Pikel
  5694 | D:7      | Reached skill level 1 in Evocations
  5733 | D:7      | Noticed Joseph
  5751 | D:7      | Killed Joseph
  5752 | D:7      | Reached skill level 5 in Short Blades
  5752 | D:7      | Reached skill level 6 in Shields
  6202 | D:7      | Reached XP level 10. HP: 51/51 MP: 15/15
  6208 | D:7      | Reached skill level 5 in Armour
  6517 | D:8      | Found a runed translucent gate.
  6517 | D:8      | Found a runed translucent gate.
  6517 | D:8      | Found a runed translucent gate.
  6521 | D:8      | Noticed miserystealer's ghost (novice DECj)
  6521 | D:8      | Noticed Animoz's ghost (novice MiFi)
  6521 | D:8      | Noticed ratmagoo's ghost (novice MiBe)
  6688 | D:8      | Reached * piety under Makhleb
  6692 | D:8      | Noticed a two-headed ogre
  6697 | D:8      | Reached skill level 7 in Shields
  6737 | D:8      | Slain by a two-headed ogre

Illustrated notes

Levels and vault maps discovered:
D:1:      dpeg_arrival_rooms_with_view, layout_basic
D:2:      minmay_general_purpose_star, layout_basic
D:3:      kennysheep_big_flooded_room, layout_basic, serial_glass,
          glass_columns_a, glass_columns_c, glass_columns_b, glass_columns_a,
          item_on_display_a, due_unseen_surprise, item_on_display_a,
          guppyfry_early_lair_pool
D:4:      layout_rooms
D:5:      layout_loops_ring, mainiacjoe_overflow_paths,
          nicolae_elyvilon_temple_path, serial_shops,
          nicolae_shop_advertising_works [nicolae_subvault_shop_adworks],
          corexii_shack, nicolae_concentric_dashed_squares_wild,
          amcnicky_mini_pool_small, supply_closet_lemuel,
          minmay_strange_pillars, chequers_serial_rivers_small_a,
          nicolae_figureground_pulse, uniq_edmund
D:6:      layout_basic, nicolae_eternal_life
D:7:      layout_basic, minmay_temple_entry_ruins, nrook_pool_corridor,
          uniq_joseph, uniq_pikel
D:8:      layout_loops_ring, gammafunk_ghost_cemetery
Temple:   nicolae_temple_ecumenical_triangle

Skill      XL: |  1  2  3  4  5  6  7  8  9 10 |
---------------+-------------------------------+-----
Fighting       | 3 4 |  4.7
Shields        | 3 4 5 6 7 |  7.0
Conjurations   | 1 2 3 |  3.2
Armour         | 3 4 5 |  5.2
Earth Magic    | 2 3 4 |  4.1
Short Blades   | 1 2 3 5 6 |  6.1
Spellcasting   | 1 2 |  2.9
Dodging        | 1 |  1.3
Throwing       | 1 |  1.0
Evocations     | 2 3 |  3.2
Stealth        | |  0.8
Unarmed Combat | |  2.5

Action                   |  1- 3 |  4- 6 |  7- 9 | 10-12 || total
-------------------------+-------+-------+-------+-------++-------
Melee: Unarmed           |    91 |       |       |       ||    91
       Bite              |    21 |    40 |   138 |    23 ||   222
       Dagger            |    34 |   158 |   388 |    72 ||   652
Throw: Javelin           |       |     6 |       |       ||     6
       Dart              |       |       |    10 |     4 ||    14
  Use: Scroll            |     3 |     2 |     3 |       ||     8
Armor: Scale mail        |    57 |    49 |       |       ||   106
       Plate armour      |       |    19 |   119 |    19 ||   157
Dodge: Dodged            |    64 |    45 |    42 |     8 ||   159
Block: Buckler           |    26 |       |       |       ||    26
       Kite shield       |     2 |    76 |   225 |    54 ||   357
